 Dungeon Crawl Stone Soup version 0.31-a0-343-g456c268693 (webtiles) character file.

Game seed: 17966505565649854463

871 Essalna the Ruffian (level 8, -1/54 HPs)
             Began as an Octopode Shapeshifter on July 21, 2023.
             Splashed by a jelly's acid (5 damage)
             ... on level 5 of the Dungeon.
             The game lasted 00:07:13 (3656 turns).

Essalna the Ruffian (Octopode Shapeshifter)         Turns: 3656, Time: 00:07:14

Health: -1/54      AC: -7    Str: 15    XL:     8   Next: 3%
Magic:  8/8        EV: 14    Int: 10    God:
Gold:   373        SH:  5    Dex: 14    Spells: 5/7 levels left

rFire   . .          .
                       - Unarmed
rCold   . . .        (no shield)
rNeg    + . .        (helmet currently unavailable)
rPois   .            e - amulet of reflection
rElec   .            d - ring of positive energy
rCorr   .            (no ring)
SInv    .            (no ring)
Will    .....        (no ring)
Stlth   ++           (no ring)
HPRegen 0.29/turn    (no ring)
MPRegen 0.11/turn    (no ring)
                     (no ring)

%: reflection
@: beast-form, corroded
A: beast (slay +3), almost no armour, amphibious, 8 rings, camouflage 1,
gelatinous body 1, (nimble swimmer 1), tentacles
a: Begin Untransformation


You were on level 5 of the Dungeon.
You were a hulking beast.
You visited 1 branch of the dungeon, and saw 5 of its levels.

You collected 373 gold pieces.

Inventory:

Jewellery
 d - a ring of positive energy (left tentacle)
 e - an amulet of reflection (around mantle)
 n - a ring of fire
Talismans
 b - a beast talisman
 p - a serpent talisman
 t - a dragon-blood talisman
Scrolls
 c - 2 scrolls of enchant armour
 h - a scroll of fear
 j - 2 scrolls of revelation
 m - a scroll of noise
 q - a scroll of teleportation {unknown}
 r - a scroll of torment {unknown}
Potions
 a - a potion of lignification
 f - 2 potions of haste {unknown}
 g - 4 potions of curing
 i - 2 potions of degeneration {unknown}
 k - a potion of ambrosia {unknown}
 l - a potion of brilliance {unknown}
 o - a potion of enlightenment {unknown}
 s - a potion of invisibility {unknown}


   Skills:
 + Level 4.0 Fighting
 + Level 4.4 Dodging
 + Level 5.0 Unarmed Combat
 + Level 3.0 Transmutations
 + Level 4.5 Shapeshifting


You had 5 spell levels left.
You knew the following spells:

 Your Spells              Type           Power      Damage    Failure   Level
a - Wereblood             Tmut           6%         N/A       17%         2

Your spell library contained the following spells:

 Spells                   Type           Power      Damage    Failure   Level
 Necrotise                Necr           0%         1d4       36%         1
 Blink                    Tloc           0%         N/A       50%         2
 Lesser Beckoning         Tloc           0%         N/A       50%         2
 Momentum Strike          Conj/Tloc      0%         3d8       50%         2
 Sublimation of Blood     Necr           0%         N/A       50%         2
 Summon Hydra             Summ           0%         N/A       100%        7


Dungeon Overview and Level Annotations

Branches:
Dungeon (5/15)
 Temple: D:4-7

Altars:
Cheibriados

Shops:
D:3 (


Innate Abilities, Weirdness & Mutations

You are a hulking beast.
Your limbs bulge with bestial killing power. (Slay +3)
You cannot wear most types of armour.
You are amphibious.
You can wear up to eight rings at the same time.
Your skin changes colour to match your surroundings (Stealth+).
Your rubbery body absorbs attacks. (AC +1, EV +1)
((You are camouflaged when in or above water. (Stealth+)))
You have tentacles for arms and can constrict up to eight enemies at once.


Message History

No target in view!
No target in view!
You now have 373 gold pieces (gained 13).
Key pressed, stopping explore.
i - 2 smoky black potions (gained 1) Key pressed, stopping explore.
A jelly comes into view.
A jelly is nearby!
There is a stone staircase leading up here.
A gnoll comes into view. It is wielding a +0 spear.
The gnoll shouts!
The jelly quivers.
A gnoll comes into view. It is wielding a +0 spear of freezing.
A gnoll bouda comes into view. It is wielding a +0 club.
The jelly hits you.
You are splashed with acid!
You bludgeon the jelly!
Your tentacles burn!
The jelly is heavily wounded.
A gnoll comes into view. It is wielding a +0 flail.
The jelly hits you. The acid corrodes you!
You are splashed with acid!
The gnoll shouts!
You tentacle-slap the jelly but do no damage.
Your tentacles burn!
The jelly is heavily wounded.
You hear a shout!
The jelly hits you. The acid corrodes you!
You are splashed with acid!
* * * LOW HITPOINT WARNING * * *
You tentacle-slap the jelly but do no damage.
Your tentacles burn!
* * * LOW HITPOINT WARNING * * *
The jelly is heavily wounded.
The jelly completely misses you.
You bludgeon the jelly! The acid corrodes you!
Your tentacles burn!
* * * LOW HITPOINT WARNING * * *
The jelly is almost dead.
The gnoll hits you from afar with a +0 spear!
* * * LOW HITPOINT WARNING * * *
The jelly hits you.
* * * LOW HITPOINT WARNING * * *
You are splashed with acid.
You die...

#. #. . .. .##.#.
#.. ...... #.#
.####.g.# #.#
........# #.# ##
#....g###.# ..#
#..?....#######.####
#Jh..#..<.#.......#
#......##..........
#.#.#..............
###..)>#...........
####..#..........
#...#.........
#.#.##...#....
#.#..##.......
#.##.######...


You could see a jelly and 2 gnolls.

Vanquished Creatures
  Pikel (D:4)
  2 lemures
  2 kobold brigands (D:4)
  A scorpion (D:4)
  A sleepcap (D:3)
  Terence (D:3)
  4 gnolls
  5 adders
  2 ufetubi
  A worm (D:4)
  5 dart slugs
  4 orcs (D:4)
  6 ball pythons
  7 endoplasms
  4 giant cockroaches
  2 goblins (D:2)
  5 hobgoblins
  4 jackals (D:1)
  14 kobolds
  3 quokkas
  4 bats
  5 frilled lizards
  7 rats
90 creatures vanquished.

Notes
Turn   | Place    | Note
-------+----------+-------------------------------------------
     0 | D:1      | Essalna the Octopode Shapeshifter began the quest for the
                  | Orb.
     0 | D:1      | Reached XP level 1. HP: 13/13 MP: 1/1
   100 | D:1      | Reached XP level 2. HP: 16/18 MP: 2/2
   319 | D:1      | Reached XP level 3. HP: 23/23 MP: 3/3
   932 | D:2      | Found a snail-covered altar of Cheibriados.
  1034 | D:2      | Found a faded altar of an unknown god.
  1058 | D:2      | Got Plato's Dissertation on Corpses
  1331 | D:3      | Reached XP level 4. HP: 28/29 MP: 4/4
  1422 | D:3      | Noticed Terence
  1433 | D:3      | Killed Terence
  1480 | D:3      | Learned a level 2 spell: Wereblood
  1671 | D:3      | Reached XP level 5. HP: 35/35 MP: 5/5
  1782 | D:3      | Found Uczappas's Weapon Emporium.
  1954 | D:4      | Noticed a lemure
  1954 | D:4      | Noticed a lemure
  1954 | D:4      | Noticed a lemure
  1954 | D:4      | Noticed a lemure
  1954 | D:4      | Noticed Pikel
  2380 | D:4      | Noticed a kobold brigand
  2401 | D:4      | Killed a kobold brigand
  2402 | D:4      | Reached skill level 4 in Unarmed Combat
  2402 | D:4      | Reached skill level 1 in Transmutations
  2402 | D:4      | Reached XP level 6. HP: 34/41 MP: 6/6
  3028 | D:4      | Killed Pikel
  3029 | D:4      | Reached skill level 5 in Unarmed Combat
  3029 | D:4      | Reached XP level 7. HP: 42/48 MP: 7/7
  3152 | D:4      | Reached XP level 8. HP: 54/54 MP: 8/8
  3582 | D:5      | Entered Level 5 of the Dungeon
  3656 | D:5      | Splashed by a jelly's acid

Illustrated notes

Levels and vault maps discovered:
D:1:      dpeg_arrival_shrine, layout_basic
D:2:      layout_rooms, shapermc_ecumenical_altar_rom_forum, basic_altar,
          minmay_misc_feat_columns, corexii_hall_statues_s,
          minmay_split_cup_large
D:3:      layout_loops_cross, serial_shops, nicolae_shop_waterfront,
          uniq_terence
D:4:      cheibrodos_thug_alley, layout_cave_pods, palyth_stone_intersect,
          uniq_pikel
D:5:      layout_rooms, minmay_temple_entry_junction

Skill      XL: |  1  2  3  4  5  6  7  8 |
---------------+-------------------------+-----
Fighting       | 2 4 |  4.0
Dodging        | 3 4 |  4.4
Unarmed Combat | 4 5 |  5.0
Transmutations | 1 2 3 |  3.0
Shapeshifting  | 4 |  4.5

Action                     |  1- 3 |  4- 6 |  7- 9 || total
---------------------------+-------+-------+-------++-------
  Melee: Unarmed           |    62 |   115 |    22 ||   199
         Tentacles         |    15 |    17 |     1 ||    33
         Constrict         |    16 |    19 |     4 ||    39
         Punch             |     2 |     4 |       ||     6
    Use: Scroll            |       |     5 |       ||     5
         Potion            |       |     3 |       ||     3
   Stab: Sleeping          |    12 |     2 |     2 ||    16
 Armour: Skin              |     5 |    61 |     1 ||    67
  Dodge: Dodged            |    34 |    43 |    10 ||    87
  Block: Other             |    11 |    27 |     2 ||    40

Table legend: (Time is in decaauts)
 A = Elapsed time spent in this place.
 B = Non-inter-level travel time spent in this place.
 C = Inter-level travel time spent in this place.
 D = Time resting spent in this place.
 E = Time spent auto-exploring this place.
 F = Levels seen in this place.
 G = Mean time per level.
                   A        B        C        D        E       F      G
               +--------+--------+--------+--------+--------+-----+--------+
         Total |   3649 |   3379 |    270 |    103 |   2584 |   5 |  729.8 |
       Dungeon |   3649 |   3379 |    270 |    103 |   2584 |   5 |  729.8 |
               +--------+--------+--------+--------+--------+-----+--------+

Top non-repeatable levels by time:
     D:4: 1441 daAuts
     D:3: 859 daAuts
     D:1: 834 daAuts
     D:2: 442 daAuts
     D:5: 73 daAuts
